 Dungeon Crawl Stone Soup version 0.30-a0-509-gd016549fea (webtiles) character file.

Game seed: 11646720918079347882

21 PyroL the Grasshopper (level 2, -1/16 HPs)
             Began as a Deep Elf Warper on Dec 23, 2022.
             Slain by an adder (2 damage)
             ... on level 2 of the Dungeon.
             The game lasted 00:01:53 (897 turns).

PyroL the Grasshopper (Deep Elf Warper)              Turns: 897, Time: 00:01:54

Health: -1/16      AC:  3    Str:  8    XL:     2   Next: 65%
Magic:  8/8        EV: 12    Int: 17    God:
Gold:   54         SH:  0    Dex: 14    Spells: 6/8 levels left

rFire   . . .      SeeInvis .    a - +0 short sword
rCold   . . .      Faith    .    (no shield)
rNeg    . . .      Spirit   .    b - +0 leather armour
rPois   .          Reflect  .    (no helmet)
rElec   .          Harm     .    (no cloak)
rCorr   .          Rampage  .    (no gloves)
Will    .....                    (no boots)
Stlth   +.........               (no amulet)
HPRegen 0.22/turn                (no ring)
MPRegen 0.11/turn                (no ring)

@: lethally poisoned (-1 -> -7), attractive
A: no striking features
a: no special abilities


You were on level 2 of the Dungeon.
You visited 1 branch of the dungeon, and saw 2 of its levels.

You collected 54 gold pieces.

Inventory:

Hand Weapons
 a - a +0 short sword (weapon)
Missiles
 d - 5 boomerangs of dispersal (quivered)
Armour
 b - a +0 leather armour (worn)
Scrolls
 c - 2 scrolls of blinking
 e - a scroll of noise {unknown}
 g - a scroll of teleportation {unknown}


   Skills:
 - Level 1.5 Fighting
 - Level 2.0 Short Blades
 - Level 1.0 Throwing
 - Level 0.7 Armour
 + Level 3.0 Dodging
 + Level 3.5 Spellcasting
 + Level 3.7 Translocations


You had 6 spell levels left.
You knew the following spells:

 Your Spells              Type           Power      Damage    Failure   Level
a - Blink                 Tloc           30%        N/A       8%          2

Your spell library contained the following spells:

 Spells                   Type           Power      Damage    Failure   Level
 Lesser Beckoning         Tloc           30%        N/A       16%         3
 Teleport Other           Tloc           15%        N/A       16%         3
 Vhi's Electric Charge    Tloc/Air       18%        N/A       32%         3
 Manifold Assault         Tloc           15%        N/A       45%         4


Dungeon Overview and Level Annotations

Branches:
Dungeon (2/15)

Altars:


Message History

The adder barely misses you.
You hit the adder but do no damage.
The adder is moderately wounded.
You feel sick. The adder bites you.
You are more poisoned.
The adder poisons you!
Unknown command.
It was a potion of attraction.
You feel attractive to monsters.
You feel sick. The adder closely misses you.
You hit the adder but do no damage.
The adder is moderately wounded.
You feel sick. The adder barely misses you. The adder closely misses you.
Unknown command.
You barely miss the adder.
The adder is moderately wounded.
You feel sick. The adder bites you but does no damage.
Unknown command.
You miss the adder.
The adder is moderately wounded.
You feel sick. The adder completely misses you.
Unknown command.
You aren't carrying any potions.
Unknown command.
Throw: 7 boomerangs (disperse)
Press: ? - help, Shift-Dir - straight line, f - adder
Aim: an adder (moderately wounded, 38% to hit)
You throw a boomerang of dispersal.
The boomerang of dispersal barely misses the adder.
You feel sick. The adder closely misses you.
Throw: 6 boomerangs (disperse)
Press: ? - help, Shift-Dir - straight line, f/p - adder
Aim: an adder (moderately wounded, 38% to hit)
You throw a boomerang of dispersal.
The boomerang of dispersal barely misses the adder.
You feel sick. The adder bites you.
* * * LOW HITPOINT WARNING * * *
You are more poisoned.
The adder poisons you! The adder bites you.
You die...

####### ###.....###
##.........##
#.@###.###..###
#S##.....##...#
...#...#...#...#
#....#.<...<.#...#
......#..._...#)..#
#......#.#...#.#...#
#..........<.......#
#.......#.....#....#
. #######...##


You could see an adder.

Vanquished Creatures
  A dart slug (D:1)
  3 endoplasms (D:1)
  A giant cockroach (D:1)
  4 goblins
  3 bats (D:1)
  5 frilled lizards (D:1)
  2 rats (D:1)
19 creatures vanquished.

Notes
Turn   | Place    | Note
-------+----------+-------------------------------------------
     0 | D:1      | PyroL the Deep Elf Warper began the quest for the Orb.
     0 | D:1      | Reached XP level 1. HP: 12/12 MP: 6/6
   442 | D:1      | Reached XP level 2. HP: 11/16 MP: 8/8
   467 | D:1      | Learned a level 2 spell: Blink
   868 | D:2      | Found a faded altar of an unknown god.
   897 | D:2      | Slain by an adder

Illustrated notes

Levels and vault maps discovered:
D:1:      elethiomel_arrival_quiet, layout_basic
D:2:      layout_rooms, nicolae_ecumenical_pavilion, minmay_misc_feat_pillars,
          minmay_misc_feat_room

Skill      XL: |  1  2 |
---------------+-------+-----
Dodging        | 3 |  3.0
Fighting       | |  1.5
Short Blades   | |  2.0
Throwing       | |  1.0
Armour         | |  0.7
Spellcasting   | |  3.5
Translocations | |  3.7

Action                   || total
-------------------------++-------
Melee: Short sword       ||    77
Throw: Boomerang         ||     2
  Use: Potion            ||     1
 Stab: Sleeping          ||     1
Armor: Leather armour    ||    13
Dodge: Dodged            ||    41

Table legend: (Time is in decaauts)
 A = Elapsed time spent in this place.
 B = Non-inter-level travel time spent in this place.
 C = Inter-level travel time spent in this place.
 D = Time resting spent in this place.
 E = Time spent auto-exploring this place.
 F = Levels seen in this place.
 G = Mean time per level.
                   A        B        C        D        E       F      G
               +--------+--------+--------+--------+--------+-----+--------+
         Total |    889 |    879 |     10 |     61 |    642 |   2 |  444.5 |
       Dungeon |    889 |    879 |     10 |     61 |    642 |   2 |  444.5 |
               +--------+--------+--------+--------+--------+-----+--------+

Top non-repeatable levels by time:
     D:1: 861 daAuts
     D:2: 28 daAuts
